 Dungeon Crawl Stone Soup version 0.19-a0-1568-gdd01aac (webtiles) character file.

133 Amnesiac the Digger (level 4, -4/30 HPs)
             Began as a Mummy Earth Elementalist on Sept 15, 2016.
             Was an Initiate of Sif Muna.
             Slain by a slave (7 damage)
             ... led by Pikel
             ... on level 6 of the Dungeon.
             The game lasted 00:05:37 (1909 turns).

Amnesiac the Digger (Mummy Earth Elementalist)      Turns: 1909, Time: 00:05:39

Health: -4/30      AC:  3    Str: 11    XL:     4   Next: 93%
Magic:  4/7        EV: 12    Int: 15    God:    Sif Muna [......]
Gold:   116        SH:  0    Dex: 12    Spells: 3 memorised, 1 level left

rFire  x . .     SeeInvis .     (no weapon)
rCold  + . .     Gourm    .     c - +0 robe
rNeg   + + +     Faith    .     (no shield)
rPois  ∞         Spirit   .     e - +0 helmet
rElec  .         Dismiss  .     (no cloak)
rCorr  .         Reflect  .     (no gloves)
MR     .....     Harm     .     (no boots)
Stlth  ++........               (no amulet)
                                (no ring)
                                (no ring)

@: no status effects
A: no food or potions, fire vulnerability, cold resistance 1, negative energy
resistance 3, torment resistance, unbreathing
a: Renounce Religion


You were on level 6 of the Dungeon.
You worshipped Sif Muna.
Sif Muna was noncommittal.
You were not hungry.

You visited 2 branches of the dungeon, and saw 7 of its levels.

You collected 116 gold pieces.

Inventory:

Armour
 c - a +0 robe (worn)
 e - a +0 helmet (worn)
Jewellery
 a - an uncursed amulet of harm
Scrolls
 f - a scroll of identify
 g - a scroll of blinking
Books
 d - a book of Geomancy

   Spells                             Type                      Level
   a - Sandblast                      Earth                        1
   b - Passwall                       Transmutation/Earth          2
   c - Stone Arrow                    Conjuration/Earth            3
   d - Petrify                        Transmutation/Earth          4
   e - Lee's Rapid Deconstruction     Earth                        5


   Skills:
 - Level 1.5 Dodging
 - Level 1.5 Stealth
 - Level 2.0 Spellcasting
 + Level 2.1 Conjurations
 - Level 0.7 Transmutations
 - Level 4.0 Earth Magic


You had one spell level left.
You knew the following spells:

 Your Spells              Type           Power        Failure   Level  Hunger
f - Stone Arrow           Conj/Erth      ##....       21%         3    N/A
v - Passwall              Tmut/Erth      #.........   14%         2    N/A
z - Sandblast             Erth           ##....       4%          1    N/A

Dungeon Overview and Level Annotations

Branches:
Dungeon (7/15)             Temple (1/1) D:7

Altars:
Ashenzari
Cheibriados
Dithmenos
Hepliaklqana
Qazlal
Sif Muna
Xom
Yredelemnul
Zin
The Shining One

Shops:
D:6 %   D:7 ?

Annotations:
D:6 Pikel


Innate Abilities, Weirdness & Mutations

You do not eat or drink.
Your flesh is vulnerable to fire.
You are immune to poison.
Your flesh is cold resistant. (rC+)
You are immune to negative energy. (rN+++)
You are immune to unholy pain and torment.
You can survive without breathing.


Message History

The shadow imp shouts!
A bullfrog comes into view.
The bullfrog gives a loud, deep croak!
The shadow imp gestures at you.
You struggle to resist.
The bullfrog hits you but does no damage.
The bullfrog completely misses you. The shadow imp misses you.
The bullfrog misses you. The bullfrog misses you.
The shadow imp shouts, "Slither home, thou jarring roguish linensack!"
The shadow imp gestures at you.
You struggle to resist.
The bullfrog hits you.
* * * LOW HITPOINT WARNING * * *
You open the door.
A howler monkey comes into view.
The bullfrog hits you.
* * * LOW HITPOINT WARNING * * *
The bullfrog barely misses you. The slave hits you!
You die...

.# .# ..#
#####...###+#### ..###
....#...##.....###......
....#............#......
....#............'h.....
....#......p...l@#
....#..$....p.5Fp#
....#....p....K..#
...p'............#
....######...##..#
#.....%# #...#####
#......#.......
#.....!#.........
#......#..........#<....#


You could see Pikel, 4 slaves, a bullfrog, a howler monkey (sleeping), a shadow
imp and a leopard gecko.

Vanquished Creatures
  A crimson imp (D:3)
  A hound (D:4)
  A worker ant (D:4)
  2 adders
  A worm (D:2)
  A leopard gecko (D:7)
  An orc (D:4)
  2 giant cockroaches
  3 goblins (D:2)
  4 jackals (D:4)
  2 quokkas
  A ball python (D:3)
  A bat (D:1)
  A kobold (D:2)
  A leopard gecko skeleton (D:4)
  3 rats (D:1)
26 creatures vanquished.

Notes
Turn   | Place    | Note
-------+----------+-------------------------------------------
     0 | D:1      | Amnesiac the Mummy Earth Elementalist began the quest for the Orb.
     0 | D:1      | Reached XP level 1. HP: 13/13 MP: 3/3
   220 | D:2      | Found a shimmering altar of Xom.
   583 | D:2      | Reached XP level 2. HP: 15/19 MP: 3/5
   632 | D:2      | Reached skill level 3 in Earth Magic
   755 | D:3      | Learned a level 2 spell: Passwall
   873 | D:4      | Reached XP level 3. HP: 10/24 MP: 0/6
  1106 | D:4      | Learned a level 3 spell: Stone Arrow
  1218 | D:3      | Reached skill level 1 in Conjurations
  1218 | D:3      | Reached XP level 4. HP: 26/30 MP: 0/7
  1504 | D:4      | You fall through a shaft for 3 floors!
  1524 | D:7      | Found Ilis's Magic Scroll Shoppe.
  1551 | D:7      | Reached skill level 4 in Earth Magic
  1639 | D:7      | Found a staircase to the Ecumenical Temple.
  1685 | Temple   | Entered the Ecumenical Temple
  1742 | Temple   | Became a worshipper of Sif Muna the Loreminder
  1780 | D:6      | Noticed a slave
  1780 | D:6      | Noticed a slave
  1780 | D:6      | Noticed a slave
  1780 | D:6      | Noticed Pikel
  1780 | D:6      | Noticed a slave
  1888 | D:6      | Found Vehepu's Food Emporium.
  1900 | D:6      | Noticed a bullfrog
  1909 | D:6      | Slain by a slave

Vault maps used:
D:1:      dpeg_arrival_ratfight
D:2:      overflow_temple_1_default, okawaru_metal_pillars_1_2
D:3:      grunt_temple_overflow_lords_of_destruction
D:4:      nicolae_ru_the_path_less_chosen, first_bread, grunt_decor_resistance
D:6:      serial_shops, shop, uniq_menkaure, uniq_blork_the_orc,
          uniq_crazy_yiuf_cottage, uniq_pikel, uniq_duvessa
D:7:      kennysheep_little_box, serial_shops, nicolae_shop_statue_plus
Temple:   jpeg_temple_island

Skill      XL: |  1  2  3  4 |
---------------+-------------+-----
Earth Magic    | 3 4 |  4.0
Conjurations   | 1 2 |  2.1
Dodging        | |  1.5
Stealth        | |  1.5
Spellcasting   | |  2.0
Transmutations | |  0.7

Action                   |  1- 3 |  4- 6 || total
-------------------------+-------+-------++-------
Melee: Unarmed           |     5 |       ||     5
 Cast: Sandblast         |    48 |     4 ||    52
       Stone Arrow       |       |     9 ||     9
  Use: Scroll            |       |     3 ||     3
Armor: Robe              |     7 |     2 ||     9
Dodge: Dodged            |    27 |    16 ||    43
